 Dungeon Crawl Stone Soup version 0.17-a0-1954-g0dddeaa (webtiles) character file.

781 Eldritch the Shield-Bearer (level 7, -3/64 HPs)
             Began as a Deep Dwarf Fighter on Oct 5, 2015.
             Slain by an orc warrior
             ... wielding a +0 hand axe
              (7 damage)
             ... on level 6 of the Dungeon.
             The game lasted 00:08:49 (3591 turns).

Eldritch the Shield-Bearer (Deep Dwarf Fighter)     Turns: 3591, Time: 00:08:49

Health: -3/64      AC:  8    Str: 22    XL:     7   Next: 55%
Magic:  6/6        EV:  9    Int: 11    God:
Gold:   312        SH: 11    Dex: 12    Spells: 0 memorised, 6 levels left

rFire  . . .     SeeInvis .     a - +0 war axe
rCold  . . .     Clarity  .     b - +0 scale mail
rNeg   . . .     SustAt   .     c - +1 shield
rPois  .         Gourm    .     I - +0 helmet {Int+3}
rElec  .         Spirit   .     (no cloak)
rCorr  .         Warding  .     (no gloves)
rMut   .         Stasis   .     (no boots)
MR     +....                    (no amulet)
Stlth  ..........               (no ring)
                                (no ring)

@: non-regenerating, somewhat resistant to hostile enchantments, extremely
unstealthy
A: damage resistance, recharge devices, sense surroundings 1, slow healing 3
a: Device Recharging


You were on level 6 of the Dungeon.
You were not hungry.

You visited 1 branch of the dungeon, and saw 6 of its levels.

You collected 312 gold pieces.

Inventory:

Hand weapons
 a - a +0 war axe (weapon)
Armour
 b - a +0 scale mail (worn)
 c - a +1 shield (worn)
 g - a +0 cloak
 I - a +0 helmet of intelligence (worn)
Magical staves
 J - an uncursed staff of wizardry {unknown}
Jewellery
 l - an uncursed ring of sustain attributes
 m - an uncursed ring of ice
 p - an uncursed amulet of resist mutation
 r - an uncursed ring of positive energy
Magical devices
 e - a wand of heal wounds (2)
Scrolls
 d - a scroll of recharging
 j - 3 scrolls of fear
 k - a scroll of identify
 w - a scroll of blinking {unknown}
 y - a scroll of enchant weapon {unknown}
 B - a scroll of random uselessness {unknown}
 C - a scroll of noise {unknown}
 D - a scroll of remove curse
 G - a scroll of amnesia
Potions
 h - 2 potions of curing
 n - a potion of agility {unknown}
 o - a potion of brilliance
 s - a potion of mutation {unknown}
 t - a potion of flight {unknown}
 u - a potion of invisibility {unknown}
 v - a potion of resistance {unknown}
 A - a potion of ambrosia {unknown}
 E - a potion of magic {unknown}
 F - a potion of berserk rage
 H - a potion of heal wounds {unknown}
Comestibles
 f - a bread ration
 i - 2 meat rations
 q - 7 fruits
 z - 2 beef jerkies


   Skills:
 + Level 4.2 Fighting
 + Level 5.1 Axes
 + Level 5.0 Armour
 + Level 2.7 Dodging
 + Level 5.6 Shields
 + Level 1.1 Evocations


You had 6 spell levels left.
You didn't know any spells.

Dungeon Overview and Level Annotations

Branches:
Dungeon (6/15)             Temple (0/1) D:5

Altars:
Elyvilon
Gozag
Makhleb
Nemelex Xobeh
Sif Muna
Zin


Innate Abilities, Weirdness & Mutations

You are resistant to damage.
You can recharge devices by infusing magical energy.
You passively map a small area around you.
You do not heal naturally.


Message History

The orc priest casts a cantrip, but nothing happens.
The orc warrior hits you but does no damage.
You slash the orc warrior!
The orc warrior is moderately wounded.
The orc warrior barely misses you.
You hit the orc warrior but do no damage.
The orc warrior is moderately wounded.
The orc wizard looks braver for a moment.
The orc warrior hits you with a hand axe.
You hit the orc warrior.
The orc warrior is heavily wounded.
The orc warrior hits you with a hand axe.
You hit the orc warrior.
The orc warrior is heavily wounded.
The orc warrior hits you with a hand axe!!
* * * LOW HITPOINT WARNING * * *
You hit the orc warrior but do no damage.
The orc warrior is heavily wounded.
The orc warrior hits you with a hand axe!
You die...

##.# *, ,
#..# , , #.##
* ,, #.# *,
#.# ,
##.###### , ,
#....)..# , *
##.####.###.#
### #.@ooo#
####### , * *


You could see an orc warrior, an orc priest and an orc wizard.

Vanquished Creatures
  Menkaure (D:5)
  A giant frog (D:4)
  2 scorpions
  A gnoll shaman (D:4)
  An iguana (D:4)
  A centaur zombie (D:5)
  A giant frog skeleton (D:5)
  2 orc wizards (D:5)
  2 orc priests
  2 worker ants
  A hound skeleton (D:5)
  Robin (D:4)
  2 adders (D:5)
  8 gnolls (D:4)
  An ooze (D:2)
  2 adder skeletons (D:5)
  A worm (D:3)
  A giant gecko (D:1)
  6 orcs
  A ball python (D:5)
  8 giant cockroaches
  8 hobgoblins
  4 jackals (D:5)
  8 kobolds
  6 bats
  A giant gecko skeleton (D:5)
  A giant gecko zombie (D:5)
  8 giant newts
  10 goblins
  3 quokkas
  6 rats
101 creatures vanquished.

Vanquished Creatures (others)
  2 orc wizards (D:3)
  A quokka (D:2)
3 creatures vanquished.

Grand Total: 104 creatures vanquished

Notes
Turn   | Place    | Note
--------------------------------------------------------------
     0 | D:1      | Eldritch the Deep Dwarf Fighter began the quest for the Orb.
     0 | D:1      | Reached XP level 1. HP: 20/20 MP: 1/1
   244 | D:1      | Reached XP level 2. HP: 24/27 MP: 2/2
   973 | D:2      | Reached XP level 3. HP: 24/34 MP: 3/3
  1109 | D:2      | Found a white marble altar of Elyvilon.
  1390 | D:2      | Found a sparkling altar of Nemelex Xobeh.
  1683 | D:3      | Reached skill level 4 in Shields
  1879 | D:3      | Found a deep blue altar of Sif Muna.
  2051 | D:4      | Reached skill level 1 in Dodging
  2051 | D:4      | Reached XP level 4. HP: 34/42 MP: 4/4
  2086 | D:4      | Reached XP level 5. HP: 40/49 MP: 5/5
  2193 | D:4      | Found an opulent altar of Gozag.
  2226 | D:4      | Noticed a scorpion
  2248 | D:4      | Killed a scorpion
  2279 | D:4      | Noticed a giant frog
  2293 | D:4      | Killed a giant frog
  2293 | D:4      | Reached XP level 6. HP: 30/57 MP: 6/6
  2655 | D:4      | Noticed Robin
  2674 | D:4      | Killed Robin
  2674 | D:4      | Reached skill level 5 in Shields
  2674 | D:4      | Reached skill level 1 in Evocations
  2712 | D:5      | Entered Level 5 of the Dungeon
  2950 | D:5      | Reached XP level 7. HP: 38/64 MP: 6/6
  3076 | D:5      | Noticed Menkaure
  3081 | D:5      | Killed Menkaure
  3127 | D:5      | Reached skill level 5 in Armour
  3146 | D:5      | Reached skill level 5 in Axes
  3212 | D:5      | Found a glowing silver altar of Zin.
  3263 | D:5      | Found a staircase to the Ecumenical Temple.
  3454 | D:5      | Found a burning altar of Makhleb.
  3591 | D:6      | Slain by an orc warrior

Vault maps used:
D:1:      scummos_arrival_simple_fountains
D:2:      elyvilon_altar_4, nicolae_overflow_hidden_temple
D:3:      led_sif_book
D:4:      overflow_temple_1_default, first_bread, kennysheep_generic_room_2,
          uniq_robin
D:5:      bloody_makhleb, zin_treasury, minmay_temple_entry_trees,
          dk_noncrumbling_4, minmay_misc_feat_more_columns, uniq_menkaure
D:6:      tso_metal_star, gup_sewer_entry_bubbles

Action                   |  1- 3 |  4- 6 |  7- 9 || total
-------------------------+-------+-------+-------++-------
Melee: War axe           |   137 |   153 |    63 ||   353
 Abil: Device Recharging |       |     1 |       ||     1
Evoke: Wand              |     2 |     3 |     3 ||     8
  Use: Scroll            |     8 |     2 |     3 ||    13
       Potion            |       |     5 |     1 ||     6
  Eat: Bread ration      |     1 |     1 |       ||     2
       Fruit             |       |     1 |       ||     1
